Map: Frozen Temple

Players

ZerG

  • Race: Zerg Zerg
  • League: Diamond

Miszu - Winner!

  • Race: Zerg Zerg
  • League: Master

VOD

Have the link to the VOD?

Description

Time

  • Played on: April 1, 2016, 4:36 p.m.
  • Length: 4:46
Show
View Real Time Build Order
Export as new Build Order

ZerG Zerg 

Build Orders: Hatch First 

Get SALT Encoding   

  12  0:01  Drone  
  13  0:14  Overlord  
  13  0:18  Drone  
  14  0:32  Drone x2  
  16  0:36  Drone  
  17  0:59  Hatchery  
  17  1:00  Extractor  
  17  1:03  Drone  
  16  1:18  Spawning Pool  
  16  1:22  Drone  
  16  1:25  Drone  
  17  1:30  Drone  
  18  1:40  Drone  
  19  1:52  Overlord  
  19  2:06  Metabolic Boost  
  19  2:07  Queen  
  21  2:09  Zergling x2  
  22  2:17  Queen  
  22  2:22  Drone  
  25  2:25  Drone  
  25  2:28  Drone  
  27  2:31  Drone  
  27  2:35  Drone  
  29  2:43  Baneling Nest  
  28  2:44  Drone  
  28  2:50  Overlord  
  29  2:54  Drone  
  29  2:58  Zergling x2  
  30  3:07  Drone x3  
  30  3:12  Queen  
  33  3:15  Zergling x2  
  33  3:17  Drone  
  33  3:19  Drone  
  38  3:25  Drone x2  
  40  3:31  Queen  
  43  3:34  Drone  
  43  3:38  Zergling x2  
  43  3:40  Overlord  
  44  3:44  Extractor  
  44  3:46  Extractor, Drone  
  43  4:02  Drone x3, Hatchery  
  45  4:05  Zergling x4  
  45  4:09  Zergling x2  
  47  4:14  Drone x3  
  36  4:31  Drone x2  
  36  4:34  Drone x2  
Show
View Real Time Build Order
Export as new Build Order

Miszu Zerg - Winner!

Build Orders: Hatch First 

Get SALT Encoding   

  12  0:00  Drone  
  13  0:13  Overlord  
  13  0:18  Drone  
  14  0:31  Drone x2  
  16  0:35  Drone  
  17  0:49  Drone  
  18  0:58  Drone  
  19  1:06  Hatchery  
  19  1:10  Drone  
  19  1:11  Extractor  
  18  1:20  Spawning Pool  
  17  1:26  Drone  
  18  1:33  Drone  
  19  1:41  Drone  
  20  1:50  Drone  
  21  2:00  Overlord  
  21  2:18  Queen x2  
  21  2:22  Drone x3  
  28  2:29  Drone  
  29  2:33  Metabolic Boost  
  29  2:35  Drone  
  30  2:37  Baneling Nest  
  31  2:44  Zergling x4  
  31  2:50  Drone  
  32  3:05  Spore Crawler  
  32  3:15  Overlord  
  32  3:16  Overlord  
  32  3:18  Drone x2  
  34  3:24  Drone x2  
  34  3:25  Baneling, Hatchery  
  35  3:32  Drone  
  36  3:38  Zergling x12  
  36  3:40  Baneling  
  36  3:41  Baneling  
  42  3:46  Zergling x2  
  42  3:49  Zergling x2  
  43  3:57  Zergling x2  
  43  4:00  Zergling x12  
  50  4:09  Zergling x2  
  51  4:24  Zergling x2  
Tags
 
Add a new tag
Caveats
  • Supply blocks, unpowered buildings, or Contaminate may cause inaccurate times.
  • Supply counts are checked every 10 seconds.